cohdb
Replays
Latest Replays
All Replays
Popular Replays
Top Player Replays
Match Explorer
How It Works
Community
CoH3 Stats
Reddit
Sign in to upload your games and track your stats! →
Sign in with Steam
Match 43121091
Unlisted
Match 43121091
Overview
Messages
Build Orders
End
Construct Infanterie Kompanie
Selects Terror Battlegroup
Selects Machine Gun Camouflage
MG 42 Machine Gun Team
MG 42 Machine Gun Team
Grenadier Squad
Grenadier Squad
Construct Luftwaffe Kompanie
Support Elements
Jäger Squad
Medical Station
Wirbelwind Flakpanzer
Jäger Squad
Pioneer Squad
Construct Panzer Kompanie
Pioneer Squad
Selects Interrogate
Selects Jericho Trumpet
Panzer IV Medium Tank
Stoßtruppen Squad
Jericho Trumpet
Selects V1 Rocket Strike
V1 Rocket Strike
Panzer IV Medium Tank
Evodius
Aurelius
Rafael_BR
Tomteknas
sarex
niceyhi
gUi
怀恋过去
0
0
Comments
sign in to comment!
No comments posted yet!